 Dungeon Crawl Stone Soup version 0.30-a0-782-ge64f9170bb (webtiles) character file.

Game seed: 8044025588551599073

64565 Gron2003 the Severer (level 14, -17/137 HPs)
             Began as a Minotaur Berserker on Feb 25, 2023.
             Was a High Priest of Trog.
             Demolished by an enormous slime creature (38 damage)
             ... on level 15 of the Dungeon on Feb 26, 2023.
             The game lasted 01:33:57 (20609 turns).

Gron2003 the Severer (Minotaur Berserker)          Turns: 20609, Time: 01:33:57

Health: -17/137    AC: 31    Str: 27    XL:     14   Next: 72%
Magic:  13/13      EV: 10    Int:  4    God:    Trog [*****.]
Gold:   1161       SH:  6    Dex: 10    Spells: 13/13 levels left

rFire   . . .      SeeInvis .    k - +5 broad axe (heavy)
rCold   . . .      Faith    .    j - +0 kite shield
rNeg    . . .      Spirit   .    p - +3 plate armour
rPois   .          Reflect  .    (helmet restricted)
rElec   .          Harm     .    a - +2 cloak {rCorr}
rCorr   +          Rampage  .    i - +0 pair of gloves
Will    +....                    M - +0 pair of boots Stlth
                                 N - amulet of the acrobat
HPRegen 0.42/turn                K - +4 ring of protection
MPRegen 0.13/turn                (no ring)

@: about to teleport, on berserk cooldown, slowed, very slow
A: horns 2, retaliatory headbutt
a: Renounce Religion, Berserk, Trog's Hand, Brothers in Arms


You were on level 15 of the Dungeon.
You worshipped Trog.
Trog was extremely pleased with you.
You visited 3 branches of the dungeon, and saw 18 of its levels.

You collected 1984 gold pieces.
You spent 823 gold pieces at shops.

Inventory:

Hand Weapons
 k - a +5 heavy broad axe (weapon)
 q - a +3 executioner's axe of flaming
Missiles
 e - 32 poisoned darts (quivered)
 g - 5 boomerangs of dispersal
 n - a silver boomerang
 w - 4 curare-tipped darts
 G - 3 throwing nets
Armour
 a - a +2 cloak of preservation (worn)
 i - a +0 pair of gloves (worn)
 j - a +0 kite shield (worn)
 p - a +3 plate armour (worn)
 F - +0 fire dragon scales
 M - a +0 pair of boots (worn)
Jewellery
 K - a +4 ring of protection (left hand)
 N - an amulet of the acrobat (around neck)
Wands
 h - a wand of digging (18)
 o - a wand of roots (2)
 v - a wand of polymorph (2)
 x - a wand of flame (10)
 H - a wand of mindburst (20)
 O - a wand of light (13)
Scrolls
 c - 2 scrolls of identify
 m - a scroll of fear
 r - a scroll of enchant armour
 s - 2 scrolls of teleportation
 u - a scroll of butterflies
 y - a scroll of blinking
Potions
 b - 2 potions of berserk rage
 d - 8 potions of curing
 f - 3 potions of might
 l - 6 potions of haste
 t - 4 potions of ambrosia
 z - 2 potions of flight {unknown}
 C - a potion of magic {unknown}
 P - a potion of resistance


   Skills:
 + Level 16.0 Fighting
 + Level 16.1 Axes
 + Level 15.9 Armour
 + Level 14.6 Dodging


You had 13 spell levels left.
You didn't know any spells.
Your spell library was empty.

Dungeon Overview and Level Annotations

Branches:
Dungeon (15/15)            Temple (0/1) D:7            Lair (0/5) D:10
    Orc (2/2) D:10            Elf (1/3) Orc:2        Vaults (0/5) D:13
 Depths: D:15

Altars:
Dithmenos
Elyvilon
Fedhas
Gozag
Makhleb
Okawaru
Trog
Uskayaw
Wu Jian
The Shining One

Shops:
D:3 *   D:7 [   D:10 [[(*   Orc:2 :?![***


Innate Abilities, Weirdness & Mutations

You have a pair of horns on your head.
You reflexively headbutt those who attack you in melee.


Message History

The centaur misses you.
The centaur kicks you but does no damage.
You carve the centaur like a ham!!!
You kill the centaur!
Trog accepts your kill.
You hit the basilisk. The basilisk gazes at you.
You are slowing down.
The ogre completely misses you.
The basilisk bites you but does no damage.
You block the basilisk's attack.
Your limbs are stiffening.
You cut the basilisk into ribbons!!!
You kill the basilisk!
Trog accepts your kill.
You hit the ogre. The ogre hits you but does no damage.
The ogre completely misses you.
The slime creature hits you but does no damage.
You block the slime creature's attack.
You have turned to stone.
The ogre hits you but does no damage. The slime creature hits you!
The ogre hits you but does no damage. The slime creature hits you.
The slime creature hits you but does no damage.
Two slime creatures merge to form a large slime creature.
Two slime creatures merge to form a very large slime creature.
The ogre hits you with a +0 giant club! x2
The very large slime creature hits you!!!
The very large slime creature hits you! The ogre hits you but does no damage.
The very large slime creature barely misses you.
Two slime creatures merge to form an enormous slime creature.
The ogre hits you with a +0 giant club!
You turn to flesh and can move again.
You see here a +0 shortbow.
The ogre closely misses you.
The enormous slime creature attacks as you move away!
The enormous slime creature hits you!!!
* * * LOW HITPOINT WARNING * * *
The ogre attacks as you move away! The ogre completely misses you.
As you read the scroll of teleportation, it crumbles to dust.
You feel strangely unstable. The enormous slime creature hits you!!!
You die...

##.## #.....## #.
#..### #. #
##....### #.
#.##.......## #.
#...........## #.
#..8.........# #.
##...........## #[
##...........## #.
##....@......# ##
##...JO....##
#...........## #
##........)### ...
#..........)###.....
##.......).)).......
##....#####).......
##..## .........
#..# ..........


You could see an enormous slime creature and an ogre.

Vanquished Creatures
  A deep elf sorcerer (Elf:1)
  Snorg (D:10)
  4 ogre magi
  4 vault guards (D:13)
  Erolcha (D:12)
  3 hydras
  2 centaur warriors (D:15)
  20 two-headed ogres
  3 dancing weapons (Elf:1)
  2 tengu warriors (D:13)
  5 orc high priests
  Urug (Orc:2)
  2 deep elf knights (Elf:1)
  Sonja (D:12)
  A wizard (D:13)
  4 deep elf archers (Elf:1)
  3 deep elf pyromancers (Elf:1)
  A cyclops (D:13)
  3 deep elf zephyrmancers (Elf:1)
  3 orc sorcerers (Orc:2)
  4 manticores
  12 ugly things
  Maurice (D:9)
  2 gargoyles
  An unseen horror (D:10)
  A komodo dragon (D:7)
  Psyche (D:9)
  2 tengu conjurers (D:13)
  An efreet (D:13)
  12 trolls
  6 meliai
  Grinder (D:3)
  4 hornets
  Prince Ribbit (D:5)
  12 slime creatures (D:12)
  Sigmund (D:3)
  A water elemental (Elf:1)
  2 shadows (D:11)
  A vampire (D:11)
  3 wraiths
  3 basilisks
  16 yaks
  Grum (D:10)
  3 steam dragons
  The ghost of whodunnit the Slasher, an amateur HuMo (D:3)
  A vampire mosquito (D:11)
  Eustachio (D:4)
  A warg (Orc:2)
  An acid dragon (D:12)
  2 sky beasts
  Duvessa (D:4)
  22 orc warriors
  11 ogres
  2 wolves
  7 centaurs
  3 phantoms
  A kobold brigand (D:10)
  7 bullfrogs
  3 gnoll sergeants
  A necrophage (D:2)
  7 scorpions
  6 wights (D:9)
  Dowan (D:4)
  4 killer bees (D:9)
  A howler monkey (D:7)
  An electric eel (D:11)
  2 jellies
  24 orc priests
  Crazy Yiuf (D:5)
  3 gnoll boudas
  2 hounds
  5 iguanas
  28 orc wizards
  Robin (D:2)
  28 gnolls
  10 adders
  A river rat (D:3)
  3 shadow imps
  4 white imps
  5 ufetubi
  5 worms
  2 dart slugs (D:1)
  62 orcs
  10 ball pythons
  7 endoplasms
  2 giant cockroaches (D:3)
  15 goblins
  15 hobgoblins
  3 jackals (D:2)
  4 quokkas
  5 bats
  6 frilled lizards
  8 kobolds
  6 rats
509 creatures vanquished.

Vanquished Creatures (others)
  An ogre mage (D:15)
  A kobold brigand (D:9)
  2 orc wizards
  2 kobolds (D:9)
  3 demonic plants (D:5)
  6 plants
15 creatures vanquished.

Grand Total: 524 creatures vanquished

Notes
Turn   | Place    | Note
-------+----------+-------------------------------------------
     0 | D:1      | Gron2003 the Minotaur Berserker began the quest for the
                  | Orb.
     0 | D:1      | Reached XP level 1. HP: 19/19 MP: 0/0
   246 | D:1      | Reached XP level 2. HP: 18/27 MP: 1/1
  1165 | D:2      | Reached XP level 3. HP: 31/33 MP: 2/2
  1167 | D:2      | Reached ** piety under Trog
  1290 | D:2      | Noticed a scorpion
  1301 | D:2      | Killed a scorpion
  1302 | D:2      | Reached XP level 4. HP: 32/41 MP: 3/3
  1369 | D:2      | Noticed a necrophage
  1380 | D:2      | Noticed Robin
  1382 | D:2      | Killed a necrophage
  1383 | D:2      | Reached XP level 5. HP: 47/47 MP: 4/4
  1386 | D:2      | Killed Robin
  1670 | D:2      | Found an iron altar of Okawaru.
  1683 | D:2      | Reached skill level 5 in Axes
  1845 | D:3      | Noticed Sigmund
  1851 | D:3      | Killed Sigmund
  1852 | D:3      | Reached skill level 5 in Fighting
  1852 | D:3      | Reached XP level 6. HP: 45/56 MP: 5/5
  2007 | D:3      | Found a runed translucent gate.
  2009 | D:3      | Found a runed translucent gate.
  2011 | D:3      | Found a runed translucent gate.
  2012 | D:3      | Noticed whodunnit's ghost (amateur HuMo)
  2032 | D:3      | Noticed Grinder
  2032 | D:3      | Paralysed by Grinder for 4 turns
  2042 | D:3      | Killed Grinder
  2043 | D:3      | Reached skill level 5 in Armour
  2043 | D:3      | Reached XP level 7. HP: 62/62 MP: 6/6
  2107 | D:3      | Found an ornate altar of the Wu Jian Council.
  2129 | D:3      | Found a bloodstained altar of Trog.
  2159 | D:3      | Found Poh Fad's General Store.
  2216 | D:3      | You fall into a shaft and drop 1 floor!
  2249 | D:3      | Found a hide-covered altar of Uskayaw.
  2355 | D:3      | Found an opulent altar of Gozag.
  2928 | D:3      | Reached *** piety under Trog
  3091 | D:3      | Killed whodunnit's ghost
  3092 | D:3      | Reached skill level 5 in Dodging
  3259 | D:4      | Noticed Eustachio
  3266 | D:4      | Killed Eustachio
  3451 | D:4      | Reached XP level 8. HP: 44/71 MP: 7/7
  3575 | D:4      | Noticed Dowan
  3576 | D:4      | Noticed Duvessa
  3584 | D:4      | Killed Duvessa
  3600 | D:4      | Killed Dowan
  3781 | D:4      | Found a shadowy altar of Dithmenos.
  3943 | D:5      | Entered Level 5 of the Dungeon
  4216 | D:5      | Noticed Prince Ribbit
  4265 | D:5      | Killed Prince Ribbit
  4870 | D:5      | Found a runed translucent door.
  4871 | D:5      | Noticed Crazy Yiuf
  4877 | D:5      | Killed Crazy Yiuf
  5079 | D:6      | Reached XP level 9. HP: 81/81 MP: 8/8
  5535 | D:6      | Reached **** piety under Trog
  6065 | D:7      | Noticed a komodo dragon
  6083 | D:7      | Killed a komodo dragon
  6498 | D:7      | Found a staircase to the Ecumenical Temple.
  6690 | D:7      | Found Sofuemu's Armour Shoppe.
  7147 | D:8      | Noticed a two-headed ogre
  7152 | D:8      | Killed a two-headed ogre
  7153 | D:8      | Reached XP level 10. HP: 91/91 MP: 9/9
  7582 | D:8      | Found a blossoming altar of Fedhas.
  8036 | D:9      | Reached skill level 10 in Axes
  8042 | D:9      | Reached skill level 10 in Fighting
  8140 | D:9      | Found a glowing golden altar of the Shining One.
  8166 | D:9      | Noticed Maurice
  8179 | D:9      | Killed Maurice
  8266 | D:9      | Reached skill level 10 in Armour
  8309 | D:9      | Noticed Psyche
  8329 | D:9      | Killed Psyche
  8508 | D:9      | Reached ***** piety under Trog
  8513 | D:9      | Reached XP level 11. HP: 101/101 MP: 10/10
  8863 | D:10     | Entered Level 10 of the Dungeon
  9009 | D:10     | Found Pueteske's Weapon Emporium.
  9148 | D:10     | Found Zeogick's Assorted Antiques.
  9157 | D:10     | Bought a scroll of enchant armour for 187 gold pieces
  9157 | D:10     | Bought a scroll of enchant weapon for 187 gold pieces
  9157 | D:10     | Bought a scroll of enchant weapon for 187 gold pieces
  9187 | D:10     | Found a white marble altar of Elyvilon.
  9187 | D:10     | Found a burning altar of Makhleb.
  9259 | D:10     | Found a staircase to the Orcish Mines.
  9265 | D:10     | Reached skill level 10 in Dodging
  9523 | D:10     | Noticed Snorg
  9528 | D:10     | Killed Snorg
  9601 | D:10     | Found Suxkeloetz's Armour Emporium.
  9684 | D:10     | Noticed Grum
  9694 | D:10     | Killed Grum
  9775 | D:10     | Found Ysmuju's Armour Shop.
  9781 | D:10     | Found a staircase to the Lair.
  9786 | D:10     | Bought a +0 pair of gloves for 63 gold pieces
  9786 | D:10     | Bought a +0 kite shield for 63 gold pieces
  9969 | Orc:1    | Entered Level 1 of the Orcish Mines
  9969 | Orc:1    | Noticed a two-headed ogre
  9984 | Orc:1    | Killed a two-headed ogre
 10635 | Orc:1    | Received a gift from Trog
 10814 | Orc:1    | Noticed a two-headed ogre
 10815 | Orc:1    | Noticed a two-headed ogre
 10816 | Orc:1    | Noticed an ogre mage
 10816 | Orc:1    | Noticed a two-headed ogre
 10818 | Orc:1    | Killed a two-headed ogre
 10818 | Orc:1    | Noticed a two-headed ogre
 10819 | Orc:1    | Noticed a two-headed ogre
 10822 | Orc:1    | Killed a two-headed ogre
 10823 | Orc:1    | Killed a two-headed ogre
 10824 | Orc:1    | Reached XP level 12. HP: 112/112 MP: 11/11
 10829 | Orc:1    | Killed a two-headed ogre
 10829 | Orc:1    | Killed an ogre mage
 10830 | Orc:1    | Killed a two-headed ogre
 11070 | Orc:2    | Entered Level 2 of the Orcish Mines
 11075 | Orc:2    | Found a staircase to the Elven Halls.
 11450 | Orc:2    | Found Raxigh's Specific Store.
 11457 | Orc:2    | Found Erome's General Store.
 11486 | Orc:2    | Noticed Urug
 11498 | Orc:2    | Killed Urug
 11788 | Orc:2    | Noticed an orc high priest
 11790 | Orc:2    | Noticed an orc high priest
 11793 | Orc:2    | Killed an orc high priest
 11795 | Orc:2    | Paralysed by an orc sorcerer for 3 turns
 11796 | Orc:2    | Noticed an orc high priest
 12094 | Orc:2    | Killed an orc high priest
 12203 | Orc:2    | Killed an orc high priest
 12239 | Orc:2    | Noticed an orc high priest
 12240 | Orc:2    | Received a gift from Trog
 12249 | Orc:2    | Killed an orc high priest
 12327 | Orc:2    | Found Feyli's Distillery.
 12327 | Orc:2    | Found Lupinin's General Store.
 12342 | Orc:2    | Found Xiun's Magic Scroll Emporium.
 12346 | Orc:2    | Found Puradyso's Antique Armour Shoppe.
 12428 | Orc:2    | Found Fogif's Vocational Training.
 12429 | Orc:2    | Noticed a two-headed ogre
 12430 | Orc:2    | Noticed an ogre mage
 12430 | Orc:2    | Noticed a two-headed ogre
 12431 | Orc:2    | Noticed a two-headed ogre
 12437 | Orc:2    | Killed a two-headed ogre
 12438 | Orc:2    | Killed a two-headed ogre
 12439 | Orc:2    | Killed a two-headed ogre
 12443 | Orc:2    | Killed an ogre mage
 12591 | Orc:2    | Bought a scroll of enchant armour for 97 gold pieces
 12595 | Orc:2    | Bought a potion of curing for 39 gold pieces
 12811 | Elf:1    | Entered Level 1 of the Elven Halls
 12828 | Elf:1    | Reached XP level 13. HP: 87/123 MP: 12/12
 14307 | Elf:1    | Noticed a deep elf sorcerer
 14315 | Elf:1    | Killed a deep elf sorcerer
 15307 | D:11     | Paralysed by a hornet for 2 turns
 15876 | D:12     | Noticed Erolcha
 16008 | D:12     | Killed Erolcha
 16416 | D:12     | Noticed Sonja
 16421 | D:12     | Killed Sonja
 17714 | D:13     | Reached skill level 15 in Axes
 17775 | D:13     | Found a gate to the Vaults.
 17780 | D:13     | Reached skill level 15 in Fighting
 17788 | D:13     | Reached XP level 14. HP: 87/135 MP: 13/13
 17962 | D:13     | Reached skill level 15 in Armour
 18466 | D:14     | Identified the +3 great sword of Gicoth {heavy, rPois rCorr
                  | Int-3}
 18873 | D:14     | Found a transporter.
 19344 | D:14     | Found a transporter.
 19662 | D:15     | Entered Level 15 of the Dungeon
 20609 | D:15     | Demolished by an enormous slime creature

Illustrated notes

Levels and vault maps discovered:
D:1:      elethiomel_arrival_maze, layout_basic, minmay_quantized
D:2:      layout_rooms, basic_altar, serial_curves, eino_curves_04,
          eino_curves_03, eino_curves_02, uniq_robin
D:3:      layout_loops_ring, nicolae_overflow_quartered_altars,
          gammafunk_ghost_split, serial_shops, nicolae_shop_stone,
          gup_sewer_entry_bubbles, nrook_loot_triangle,
          chequers_serial_rivers_room_b, uniq_sigmund, uniq_grinder
D:4:      layout_basic, nicolae_dithmenos_through_a_glass_darkly,
          hangedman_decor_points, uniq_eustachio, uniq_duvessa
D:5:      layout_loops_ring, serial_demonic, serial_demonic_c, serial_demonic_c,
          serial_demonic_a, serial_demonic_e, uniq_crazy_yiuf_cottage,
          uniq_prince_ribbit1
D:6:      layout_basic
D:7:      layout_rooms, minmay_temple_entry_gardened_gates, serial_shops,
          shop_statue, st_stairs_6
D:8:      layout_rooms, fedhas_altar_4, due_unseen_surprise
D:9:      layout_rooms, tso_metal_star, st_stairs_1, uniq_psyche, uniq_maurice
D:10:     layout_loops_cross, mainiacjoe_overflow_divided_tiny,
          lair_entry_dummy, orc_david_3, serial_shops, shop,
          nicolae_stop_n_shop_2, shop, shop, uniq_grum, uniq_snorg
D:11:     layout_loops_cross, minivault_14, nicolae_fountain_basement
D:12:     layout_stronghold, uniq_erolcha, uniq_sonja
D:13:     layout_stronghold, lightli_vaults_fourway_checkpoint
D:14:     layout_long_grid, nicolae_diode_stairs
D:15:     grunt_enter_depths_hoard, layout_cave_pods, serial_bayou_pond_e,
          special_room [special_room_orc]
Orc:1:    layout_diamond_mine
Orc:2:    st_orc_mages, layout_diamond_mine, nicolae_specific_store,
          nicolae_shop_vocational, uniq_urug
Elf:1:    eino_elf_arrival_customs, layout_geoelf_grid, orc_legates

Skill      XL: |  1  2  3  4  5  6  7  8  9 10 11 12 13 14 |
---------------+-------------------------------------------+-----
Axes           | 4 5 6 7 9 10 12 13 15 16 | 16.1
Fighting       | 4 5 6 7 9 10 12 13 15 16 | 16.0
Armour         | 3 4 5 6 7 9 10 12 13 14 15 | 15.9
Dodging        | 3 4 5 6 8 9 11 12 13 14 | 14.6

Action                     |  1- 3 |  4- 6 |  7- 9 | 10-12 | 13-15 || total
---------------------------+-------+-------+-------+-------+-------++-------
  Melee: Hand axe          |    59 |    55 |   225 |       |       ||   339
         Headbutt          |     9 |     7 |    51 |    69 |    49 ||   185
         Punch             |     1 |       |     5 |       |       ||     6
         War axe           |       |       |   167 |   259 |       ||   426
         Broad axe         |       |       |       |   129 |   295 ||   424
  Throw: Dart              |       |       |     4 |       |    10 ||    14
 Invoke: Berserk           |       |     3 |    12 |    16 |    19 ||    50
         Trog's Hand       |       |       |     1 |     1 |     4 ||     6
         Brothers in Arms  |       |       |       |       |     1 ||     1
  Evoke: Wand              |       |       |     6 |       |     4 ||    10
    Use: Scroll            |       |       |       |    31 |     3 ||    34
         Potion            |       |       |       |       |     8 ||     8
 Armour: Scale mail        |     9 |    17 |       |       |       ||    26
         Plate armour      |       |     6 |   223 |   270 |   388 ||   887
         Skin              |       |       |     3 |       |       ||     3
  Dodge: Dodged            |    34 |    29 |   188 |   205 |   306 ||   762
  Block: Buckler           |       |       |       |    23 |       ||    23
         Kite shield       |       |       |       |    47 |   129 ||   176

Table legend: (Time is in decaauts)
 A = Elapsed time spent in this place.
 B = Non-inter-level travel time spent in this place.
 C = Inter-level travel time spent in this place.
 D = Time resting spent in this place.
 E = Time spent auto-exploring this place.
 F = Levels seen in this place.
 G = Mean time per level.
                   A        B        C        D        E       F      G
               +--------+--------+--------+--------+--------+-----+--------+
         Total |  21416 |  20983 |    433 |   6023 |   7919 |  18 | 1189.8 |
       Dungeon |  16677 |  16262 |    415 |   4117 |   7366 |  15 | 1111.8 |
  Orcish Mines |   3246 |   3228 |     18 |   1552 |    553 |   2 | 1623.0 |
   Elven Halls |   1492 |   1492 |      0 |    353 |      0 |   1 | 1492.0 |
               +--------+--------+--------+--------+--------+-----+--------+

Top non-repeatable levels by time:
   Orc:2: 2456 daAuts
    D:10: 1593 daAuts
    D:14: 1584 daAuts
    D:12: 1495 daAuts
   Elf:1: 1492 daAuts
     D:3: 1459 daAuts
    D:13: 1238 daAuts
     D:7: 1163 daAuts
     D:5: 1138 daAuts
     D:1: 1132 daAuts
     D:9: 992 daAuts
     D:6: 950 daAuts
     D:8: 915 daAuts
    D:11: 882 daAuts
   Orc:1: 789 daAuts
